 Dungeon Crawl Stone Soup version 0.29.1-15-g9cfb28693d (webtiles) character file.

Game seed: 7356967842271885782

3013 kingofthe the Thaumaturge (level 9, -13/45 HPs)
             Began as a Deep Elf Conjurer on Mar 9, 2023.
             Killed from afar by a gargoyle (19 damage)
             ... with a stone arrow
             ... on level 6 of the Dungeon.
             The game lasted 00:22:18 (6863 turns).

kingofthe the Thaumaturge (Deep Elf Conjurer)       Turns: 6863, Time: 00:22:18

Health: -13/45     AC:  6    Str:  4    XL:     9   Next: 55%
Magic:  16/24      EV: 15    Int: 26    God:
Gold:   203        SH:  0    Dex: 15    Spells: 11/26 levels left

rFire   + . .      SeeInvis .   s - +2 whip (venom)
rCold   . . .      Faith    .   (no shield)
rNeg    . . .      Spirit   .   C - +2 robe {rF+}
rPois   .          Reflect  .   q - +0 helmet
rElec   .          Harm     .   (no cloak)
rCorr   +          Rampage  .   (no gloves)
Will    .....                   A - +0 pair of boots
Stlth   +++.......              y - amulet of magic regeneration
HPRegen 0.15/turn               Z - ring of wizardry
MPRegen 0.59/turn               R - ring of resist corrosion

@: no status effects
A: no striking features
a: no special abilities


You were on level 6 of the Dungeon.
You visited 1 branch of the dungeon, and saw 6 of its levels.

You collected 310 gold pieces.
You spent 107 gold pieces at shops.


   Skills:
 * Level 7.0 Dodging
 + Level 5.3 Stealth
 + Level 9.1 Spellcasting
 + Level 8.7 Conjurations
 + Level 8.6 Hexes
 * Level 0.3 Ice Magic
 * Level 0.2 Air Magic


You had 11 spell levels left.
You knew the following spells:

 Your Spells              Type           Power      Damage    Failure   Level
a - Magic Dart            Conj           100%       1d8       1%          1
b - Searing Ray           Conj           100%       2d8       1%          2
c - Mephitic Cloud        Conj/Pois/Air  27%        N/A       1%          3
d - Fulminant Prism       Conj/Hex       27%        3d14      1%          4
e - Freezing Cloud        Conj/Ice/Air   13%        6-21      16%         5

Your spell library contained the following spells:

 Spells                   Type           Power      Damage    Failure   Level
 Dazzling Flash           Conj/Hex       100%       N/A       1%          3
 Iskenderun's Mystic Bla  Conj/Tloc      34%        2d8       3%          4
 Gell's Gravitas          Tloc           11%        N/A       6%          3
 Ignite Poison            Fire/Tmut/Pois 11%        N/A       6%          3
 Lesser Beckoning         Tloc           11%        N/A       6%          3
 Teleport Other           Tloc           11%        N/A       6%          3
 Silence                  Hex/Air        17%        N/A       9%          5
 Agony                    Necr           11%        N/A       45%         5

Inventory:

Hand Weapons
 d - a +1 dagger of venom
 r - a +0 spear of venom
 s - a +2 whip of venom (weapon)
 t - a +1 whip of freezing
Missiles
 G - a throwing net {=f}
Armour
 q - a +0 helmet (worn)
 A - a +0 pair of boots (worn)
 C - a +2 robe of fire resistance (worn)
 H - a +0 buckler
 J - a +2 robe of fire resistance
Magical Staves
 l - a staff of poison {!a}
Jewellery
 y - an amulet of magic regeneration (around neck)
 z - a ring of wizardry
 L - a ring of flight
 R - a ring of resist corrosion (right hand)
 Z - a ring of wizardry (left hand)
Wands
 k - a wand of flame (61)
 n - a wand of digging (3)
 E - a wand of paralysis (6)
 K - a wand of light (1)
Scrolls
 f - 8 scrolls of identify {unknown}
 h - a scroll of butterflies {unknown}
 i - 2 scrolls of enchant armour {unknown}
 j - 3 scrolls of fear {unknown}
 o - 2 scrolls of teleportation {unknown}
 p - a scroll of immolation {unknown}
 w - 2 scrolls of blinking {unknown}
 x - 4 scrolls of poison
 D - a scroll of amnesia {unknown}
 F - a scroll of noise {unknown}
Potions
 a - a potion of lignification {unknown}
 b - 3 potions of magic
 c - 2 potions of ambrosia {unknown}
 e - 3 potions of degeneration {unknown}
 g - 4 potions of curing {unknown}
 m - a potion of flight {unknown}
 u - a potion of cancellation {unknown}
 v - a potion of brilliance {unknown}
 B - a potion of mutation {unknown}
 I - a potion of heal wounds {unknown}

Dungeon Overview and Level Annotations

Branches:
Dungeon (6/15)
 Temple: D:4-7

Altars:

Shops:
D:5 [ D:6

=
##............................
#.##.........###........).....
###.........## .... #)......
#..........# .. #.).....
##...#.....# #[)..##.
#..#§.....# ##..>####
##..#§§.✱.# #<†.## #
######§9#### ##.## # ##§§§@#
#.# ###### ###


You could see a gargoyle.


Message History

A fulminant prism comes into view.
Your fulminant prism crackles loudly.
You hear an explosion!
You start resting.
A gargoyle is nearby!
Casting: Fulminant Prism (dangerous; 1% risk of failure)
Confirm with . or Enter, or press ? or * to list all spells.
Aiming: Searing Ray (safe; 1% risk of failure)
Press: ? - help, Shift-Dir - straight line, f - gargoyle
Aim: a gargoyle, wielding a +0 mace (almost destroyed, wandering, hasn't noticed you, 92% to hit)
The searing ray hits the gargoyle but does no damage.
The gargoyle is almost destroyed. (Press . to maintain the ray.)
The gargoyle hurls a stone arrow at you.
The stone arrow misses you.
The searing ray hits the gargoyle but does no damage.
The gargoyle is severely damaged.
The gargoyle hurls a stone arrow at you.
The stone arrow hits you!!
The searing ray hits the gargoyle but does no damage.
The gargoyle is severely damaged.
The gargoyle hurls a stone arrow at you.
The stone arrow hits you!!
* * * LOW HITPOINT WARNING * * *
The air fills with toxic fumes!
As you read the scroll labelled YPUAXE YQOZXU, it crumbles to dust.
It was a scroll of poison.
The gargoyle hurls a stone arrow at you.
The stone arrow hits you!!
You die...

Skill      XL: |  1  2  3  4  5  6  7  8  9 |
---------------+----------------------------+-----
Dodging        | 3 4 5 7 |  7.0
Spellcasting   | 4 5 6 8 9 |  9.1
Conjurations   | 5 6 8 |  8.7
Stealth        | 3 4 5 |  5.3
Hexes          | 3 6 7 8 |  8.6
Ice Magic      | |  0.3
Air Magic      | |  0.2

Action                   |  1- 3 |  4- 6 |  7- 9 || total
-------------------------+-------+-------+-------++-------
Melee: Dagger            |     4 |       |       ||     4
       Whip              |       |       |     6 ||     6
 Cast: Magic Dart        |    68 |    32 |    77 ||   177
       Searing Ray       |     8 |     9 |    51 ||    68
       Fulminant Prism   |       |     4 |    24 ||    28
  Use: Scroll            |       |       |     1 ||     1
Armor: Robe              |     1 |       |    12 ||    13
Dodge: Dodged            |     1 |     5 |    47 ||    53

Levels and vault maps discovered:
D:1:      minmay_arrival_glassed_features, layout_rooms,
          dreamdust_ecumenical_altar_grove, minmay_tromino_i2
D:2:      layout_rooms, hex_intersection
D:3:      layout_loops_ring, uniq_grinder
D:4:      minmay_inner_zag, layout_basic, uniq_robin, uniq_pikel
D:5:      layout_basic, serial_shops, nicolae_shop_statue_plus
D:6:      cheibrodos_barr_body, layout_layer_cave, serial_shops,
          nicolae_stop_n_shop_2

Notes
Turn   | Place    | Note
-------+----------+-------------------------------------------
     0 | D:1      | kingofthe the Deep Elf Conjurer began the quest for the
                  | Orb.
     0 | D:1      | Reached XP level 1. HP: 10/10 MP: 6/6
   295 | D:1      | Reached XP level 2. HP: 15/15 MP: 6/8
   332 | D:1      | Learned a level 2 spell: Searing Ray
   675 | D:1      | Found a faded altar of an unknown god.
   803 | D:2      | Reached skill level 3 in Dodging
   956 | D:2      | Reached XP level 3. HP: 19/19 MP: 7/10
  1350 | D:2      | Reached skill level 4 in Spellcasting
  1350 | D:2      | Reached skill level 5 in Conjurations
  1480 | D:2      | Reached XP level 4. HP: 24/24 MP: 7/12
  1487 | D:2      | Learned a level 4 spell: Fulminant Prism
  1710 | D:3      | Noticed a scorpion
  1819 | D:3      | Noticed a scorpion
  1824 | D:3      | Killed a scorpion
  1825 | D:3      | Reached skill level 3 in Stealth
  1911 | D:3      | Noticed Grinder
  1929 | D:3      | Killed Grinder
  1930 | D:3      | Reached skill level 4 in Dodging
  1930 | D:3      | Reached skill level 5 in Spellcasting
  1930 | D:3      | Reached skill level 3 in Hexes
  1930 | D:3      | Reached XP level 5. HP: 20/28 MP: 1/14
  1930 | D:3      | Reached XP level 6. HP: 23/32 MP: 1/15
  2205 | D:3      | Reached skill level 4 in Hexes
  2780 | D:4      | Noticed Robin
  2794 | D:4      | Killed Robin
  3055 | D:4      | Noticed Pikel
  3073 | D:4      | Killed Pikel
  3074 | D:4      | Reached skill level 6 in Spellcasting
  3074 | D:4      | Reached skill level 6 in Conjurations
  3074 | D:4      | Reached skill level 6 in Hexes
  3074 | D:4      | Reached XP level 7. HP: 36/36 MP: 0/18
  3085 | D:4      | Reached skill level 7 in Hexes
  3331 | D:4      | Reached XP level 8. HP: 30/41 MP: 2/20
  3694 | D:4      | Reached skill level 7 in Spellcasting
  3758 | D:4      | Reached skill level 7 in Conjurations
  4495 | D:5      | Entered Level 5 of the Dungeon
  4797 | D:5      | Found Olon Oplic's Antique Armour Boutique.
  4817 | D:5      | Bought a glowing robe for 107 gold pieces
  4933 | D:5      | Reached skill level 5 in Dodging
  5027 | D:5      | Reached skill level 4 in Stealth
  5161 | D:5      | Reached skill level 8 in Hexes
  5418 | D:5      | Reached skill level 8 in Spellcasting
  5777 | D:6      | Reached skill level 8 in Conjurations
  5777 | D:6      | Reached XP level 9. HP: 45/45 MP: 19/23
  5800 | D:6      | Reached skill level 6 in Dodging
  5915 | D:6      | Found Motet's Jewellery Boutique.
  6164 | D:6      | Reached skill level 5 in Stealth
  6524 | D:6      | Reached skill level 9 in Spellcasting
  6556 | D:6      | Learned a level 3 spell: Mephitic Cloud
  6714 | D:6      | Learned a level 5 spell: Freezing Cloud
  6727 | D:6      | Reached skill level 7 in Dodging
  6842 | D:6      | Noticed a gargoyle
  6863 | D:6      | Killed from afar by a gargoyle

Vanquished Creatures
  Pikel (D:4)
  Grinder (D:3)
  A water moccasin (D:5)
  A black bear (D:6)
  An ogre (D:5)
  A lemure (D:4)
  2 centaurs (D:6)
  2 phantoms
  A kobold brigand (D:6)
  A bullfrog (D:6)
  8 scorpions
  3 necrophages
  2 wights (D:6)
  A howler monkey (D:4)
  3 hounds
  4 orc priests
  3 jellies
  3 gnoll boudas
  2 orc wizards (D:4)
  5 iguanas
  Robin (D:4)
  9 gnolls
  9 adders
  2 white imps (D:6)
  An ufetubus (D:6)
  2 worms (D:2)
  A dart slug (D:2)
  20 orcs
  5 ball pythons
  3 bats (D:2)
  7 endoplasms
  4 giant cockroaches
  4 hobgoblins
  5 jackals (D:2)
  8 kobolds
  6 quokkas
  3 frilled lizards
  15 goblins
  5 rats
156 creatures vanquished.

Vanquished Creatures (others)
  28 fulminant prisms
28 creatures vanquished.

Grand Total: 184 creatures vanquished

Table legend: (Time is in decaauts)
 A = Elapsed time spent in this place.
 B = Non-inter-level travel time spent in this place.
 C = Inter-level travel time spent in this place.
 D = Time resting spent in this place.
 E = Time spent auto-exploring this place.
 F = Levels seen in this place.
 G = Mean time per level.
                   A        B        C        D        E       F      G
               +--------+--------+--------+--------+--------+-----+--------+
         Total |   6860 |   6546 |    314 |    300 |   5382 |   6 | 1143.3 |
       Dungeon |   6860 |   6546 |    314 |    300 |   5382 |   6 | 1143.3 |
               +--------+--------+--------+--------+--------+-----+--------+

Top non-repeatable levels by time:
     D:4: 1799 daAuts
     D:5: 1338 daAuts
     D:6: 1029 daAuts
     D:2: 968 daAuts
     D:3: 946 daAuts
     D:1: 778 daAuts

Table legend:
 A = Non-vault XP
 B = Vault XP
 C = Vault XP percentage of total XP
 D = Non-vault monster count
 E = Vault monster count
 F = Vault count percentage of total count
                 A         B        C        D         E       F
            +---------+---------+-------+---------+---------+-------
      Total |    2735 |    1570 |  36.5 |     126 |      29 |  18.7
            +---------+---------+-------+---------+---------+-------
        D:1 |      19 |       2 |   9.5 |      13 |       1 |   7.1
        D:2 |      85 |       0 |   0.0 |      29 |       0 |   0.0
        D:3 |     189 |     262 |  58.1 |       9 |       1 |  10.0
        D:4 |     551 |     723 |  56.8 |      21 |      16 |  43.2
        D:5 |     914 |       0 |   0.0 |      26 |       0 |   0.0
        D:6 |     977 |     583 |  37.4 |      28 |      11 |  28.2
            +---------+---------+-------+---------+---------+-------
